 Dungeon Crawl Stone Soup version 0.21.1-1-g345015fe64 (webtiles) character file.

1599 JOKERXD40 the Cleaver (level 8, -9/71 HPs)
             Began as a Minotaur Berserker on June 25, 2018.
             Was an Elder of Trog.
             Mangled by an orc warrior
             ... wielding a +0 war axe
              (11 damage)
             ... on level 6 of the Dungeon.
             The game lasted 00:14:41 (4660 turns).

JOKERXD40 the Cleaver (Minotaur Berserker)          Turns: 4660, Time: 00:14:42

Health: -9/71      AC: 10    Str: 24    XL:     8   Next: 62%
Magic:  7/7        EV: 11    Int:  9    God:    Trog [****..]
Gold:   253        SH:  3    Dex: 10    Spells: 7/7 levels left

rFire    . . .     SeeInvis .   a - +0 hand axe
rCold    . . .     Gourm    .   u - +0 buckler
rNeg     . . .     Faith    .   x - +3 scale mail {rPois}
rPois    +         Spirit   .   (helmet restricted)
rElec    .         Reflect  .   (no cloak)
rCorr    +         Harm     .   (no gloves)
MR       .....                  (no boots)
Stlth    ..........             (no amulet)
HPRegen  0.21/turn              r - ring of resist corrosion
MPRegen  0.10/turn              (no ring)

@: brilliant, about to teleport, berserk cooldown, very slightly contaminated,
slowed, invisible, very slow
A: retaliatory headbutt, horns 2
a: Berserk, Trog's Hand, Brothers in Arms, Burn Spellbooks, Renounce Religion


You were on level 6 of the Dungeon.
You worshipped Trog.
Trog was greatly pleased with you.
You were not hungry.

You visited 1 branch of the dungeon, and saw 6 of its levels.
You also visited: Ossuary.

You collected 253 gold pieces.

Inventory:

Hand Weapons
 a - a +0 hand axe (weapon)
Missiles
 k - 6 javelins of returning (quivered)
 E - 6 javelins
Armour
 u - a +0 buckler (worn)
 x - a +3 scale mail of poison resistance (worn)
Jewellery
 r - a ring of resist corrosion (left hand)
Wands
 b - a wand of flame (31)
 p - a wand of scattershot (4)
 D - a wand of acid (11)
Scrolls
 d - 2 scrolls of fog {unknown}
 e - 7 scrolls of teleportation
 h - a scroll of noise {unknown}
 i - 6 scrolls of identify
 j - 2 scrolls of amnesia {unknown}
 m - 3 scrolls of random uselessness {unknown}
 n - a scroll of blinking {unknown}
 v - 3 scrolls of remove curse
 C - a scroll of immolation {unknown}
Potions
 f - 5 potions of mutation
 g - 2 potions of curing {unknown}
 o - a potion of magic
 s - 2 potions of might {unknown}
 t - 5 potions of heal wounds {unknown}
 w - a potion of degeneration {unknown}
 z - 2 potions of ambrosia {unknown}
 A - 2 potions of cancellation {unknown}
 B - a potion of haste {unknown}
Comestibles
 c - 7 rations


   Skills:
 + Level 6.7 Fighting
 + Level 9.8 Axes
 + Level 2.3 Throwing
 + Level 5.3 Armour
 + Level 4.0 Dodging
 + Level 1.1 Stealth
 + Level 1.3 Shields


You had 7 spell levels left.
You didn't know any spells.

Dungeon Overview and Level Annotations

Branches:
Dungeon (6/15)
 Temple: D:4-7

Altars:
Nemelex Xobeh
Okawaru
Ru
Yredelemnul

Annotations:
D:5 1 runed door


Innate Abilities, Weirdness & Mutations

You reflexively headbutt those who attack you in melee.
You have a pair of horns on your head.


Message History

The orc warrior closely misses the freed slave.
The orc warrior hits you but does no damage.
Okay, then.
It was a potion of brilliance.
You feel clever all of a sudden.
The freed slave closely misses the orc warrior.
The orc warrior hits you but does no damage.
The orc warrior hits the freed slave with a war axe!
The freed slave hits the orc warrior but does no damage.
It was a potion of magic.
Magic courses through your body.
The freed slave hits the orc warrior but does no damage.
The orc warrior hits the freed slave with a war axe.
The freed slave dies!
The orc warrior barely misses you.
As you read the scroll of teleportation, it crumbles to dust.
You feel strangely unstable.
The orc warrior hits the freed slave with a war axe.
You block the orc warrior's attack.
The freed slave hits the orc warrior.
The orc warrior hits you with a war axe!
You die...

##### #
#.#.###.#######
#.# #w# ..# ..#
..#


You could see an orc warrior, a worm (wandering), a hound, an orc and a neutral
freed slave.

Vanquished Creatures
  Pikel (D:6)
  2 ogres (D:5)
  A hornet zombie (D:4)
  A phantom (D:5)
  2 elf zombies (Ossuary)
  A scorpion (D:4)
  A howler monkey (D:4)
  A hound (D:4)
  An orc priest (D:4)
  6 orc wizards
  Jessica (D:3)
  Ijyb (D:4)
  2 iguanas
  A worker ant (D:4)
  3 big kobold zombies (Ossuary)
  A hound zombie (D:5)
  2 mummies (Ossuary)
  7 adders
  An ooze (D:1)
  4 dart slugs
  A leopard gecko (D:5)
  27 orcs
  5 giant cockroaches
  5 goblins
  3 hobgoblins
  3 jackals (D:3)
  2 quokkas
  3 bats
  2 frilled lizards (D:1)
  2 goblin zombies (Ossuary)
  7 hobgoblin zombies (Ossuary)
  4 kobolds
  9 kobold zombies (Ossuary)
  11 orc zombies (Ossuary)
  6 rats
  2 rat zombies (Ossuary)
132 creatures vanquished.

Vanquished Creatures (others)
  2 slaves (D:6)
  A ball python (D:6)
3 creatures vanquished.

Grand Total: 135 creatures vanquished

Notes
Turn   | Place    | Note
-------+----------+-------------------------------------------
     0 | D:1      | JOKERXD40 the Minotaur Berserker began the quest for the Orb.
     0 | D:1      | Reached XP level 1. HP: 19/19 MP: 0/0
   175 | D:1      | Reached skill level 4 in Axes
   175 | D:1      | Reached XP level 2. HP: 21/27 MP: 1/1
   663 | D:2      | Reached XP level 3. HP: 32/33 MP: 2/2
   713 | D:2      | Found a basalt altar of Yredelemnul.
   713 | D:2      | Found a sparkling altar of Nemelex Xobeh.
  1177 | D:3      | Reached ** piety under Trog
  1213 | D:3      | Reached XP level 4. HP: 23/41 MP: 3/3
  1232 | D:3      | Reached skill level 5 in Axes
  1747 | D:3      | Noticed Jessica
  1749 | D:3      | Killed Jessica
  1749 | D:3      | Reached XP level 5. HP: 47/47 MP: 4/4
  1935 | D:4      | Reached skill level 5 in Fighting
  1949 | D:4      | Reached skill level 6 in Axes
  1973 | D:4      | Reached skill level 1 in Throwing
  2112 | D:4      | Reached XP level 6. HP: 40/56 MP: 5/5
  2177 | D:4      | Found a sacrificial altar of Ru.
  2431 | D:4      | Noticed Ijyb
  2440 | D:4      | Killed Ijyb
  2715 | D:4      | Found an iron altar of Okawaru.
  2728 | D:4      | Found an iron altar of Okawaru.
  2744 | D:4      | Reached skill level 7 in Axes
  2744 | D:4      | Reached XP level 7. HP: 40/62 MP: 6/6
  2749 | D:4      | Reached *** piety under Trog
  2749 | D:4      | Reached skill level 1 in Shields
  3210 | D:5      | Entered Level 5 of the Dungeon
  3245 | D:5      | Found a sand-covered staircase.
  3254 | Ossuary  | Entered an ossuary
  3358 | Ossuary  | Reached skill level 1 in Stealth
  3368 | Ossuary  | Reached **** piety under Trog
  3387 | Ossuary  | Reached skill level 8 in Axes
  3577 | D:5      | HP: 3/94 [ogre/giant club (21)]
  4029 | D:5      | Reached XP level 8. HP: 69/70 MP: 7/7
  4077 | D:5      | Reached skill level 9 in Axes
  4303 | D:5      | Found a runed door.
  4631 | D:6      | Noticed Pikel
  4638 | D:6      | Killed Pikel
  4638 | D:6      | Reached skill level 5 in Armour
  4656 | D:6      | HP: 1/71 [orc warrior/war axe (10)]
  4660 | D:6      | Mangled by an orc warrior

Skill      XL: |  1  2  3  4  5  6  7  8 |
---------------+-------------------------+-----
Axes           | 4 5 6 7 8 9 |  9.8
Fighting       | 4 5 6 |  6.7
Dodging        | 3 4 |  4.0
Throwing       | 1 2 |  2.3
Armour         | 3 4 5 |  5.3
Shields        | 1 |  1.3
Stealth        | 1 |  1.1

Action                   |  1- 3 |  4- 6 |  7- 9 || total
-------------------------+-------+-------+-------++-------
Melee: Hand axe          |    52 |   130 |   141 ||   323
       Headbutt          |     7 |    25 |    27 ||    59
Throw: Javelin           |     5 |    10 |    10 ||    25
Invok: Berserk           |       |     3 |     3 ||     6
       Burn Spellbooks   |       |       |     1 ||     1
  Use: Scroll            |     3 |       |     2 ||     5
       Potion            |       |       |     3 ||     3
  Eat: Chunk             |       |     8 |     5 ||    13
       Ration            |       |       |     2 ||     2
Armor: Animal skin       |    10 |     6 |       ||    16
       Scale mail        |       |    25 |    45 ||    70
Dodge: Dodged            |    35 |    56 |    63 ||   154
Block: Buckler           |       |    14 |     8 ||    22
